 Seeded DCSS version 0.30.1-3-gfc49f6343a (webtiles) character file.

Game seed: 7542379050718143860 (custom seed)

5707 Pooter the Cleaver (level 10, -5/93 HPs)
             Began as a Minotaur Berserker on Aug 3, 2023.
             Was a Priest of Trog.
             Slain by a manticore (10 damage)
             ... on level 7 of the Dungeon.
             The game lasted 00:33:02 (5935 turns).

Pooter the Cleaver (Minotaur Berserker)             Turns: 5935, Time: 00:33:03

Health: -5/93      AC: 13    Str: 23    XL:     10   Next: 48%
Magic:  9/9        EV:  4    Int:  4    God:    Trog [***...]
Gold:   328        SH: 12    Dex: 13    Spells: 9/9 levels left

rFire   . . .        a - +10 war axe "Noiph" {heavy, rN++}
rCold   . . .        A - +0 tower shield
rNeg    + + +        B - +0 plate armour
rPois   .            (helmet restricted)
rElec   .            (no cloak)
rCorr   .            e - +1 pair of gloves
SInv    .            (no boots)
Will    +....        (no amulet) Stlth
                     N - ring of positive energy
HPRegen 0.35/turn    h - ring of willpower
MPRegen 0.11/turn

%: no passive effects
@: weakened, on berserk cooldown, slowed, very slow
A: horns 2, retaliatory headbutt
a: Renounce Religion, Berserk, Trog's Hand


You were on level 7 of the Dungeon.
You worshipped Trog.
Trog was most pleased with you.
You visited 1 branch of the dungeon, and saw 7 of its levels.

You collected 328 gold pieces.

Inventory:

Hand Weapons
 a - the +10 war axe "Noiph" (weapon) {heavy, rN++}
   (You found it on level 5 of the Dungeon)

   rN:        It greatly protects you from negative energy.
 b - a +0 sling
   (You found it on level 6 of the Dungeon)
 k - a +2 arbalest of freezing
   (You took it off an orc warrior on level 5 of the Dungeon)
 p - a +5 battleaxe
   (You took it off a wight on level 6 of the Dungeon)
 q - a +6 dire flail of holy wrath
   (You took it off Edmund on level 4 of the Dungeon)
 w - a +5 scythe of flaming
   (You took it off Sigmund on level 3 of the Dungeon)
Missiles
 l - 13 poisoned darts
 s - 2 throwing nets {!f}
 Q - 37 stones (quivered)
Armour
 e - a +1 pair of gloves (worn)
   (You found it on level 1 of the Dungeon)
 A - a +0 tower shield (worn)
   (You found it on level 5 of the Dungeon)
 B - a +0 plate armour (worn)
   (You took it off an orc warrior on level 7 of the Dungeon)
Jewellery
 h - a ring of willpower (right hand)
   (You found it on level 4 of the Dungeon)
 r - a +6 ring of intelligence
   (You found it on level 4 of the Dungeon)
 N - a ring of positive energy (left hand)
   (You found it on level 2 of the Dungeon)
Wands
 f - a wand of flame (14)
   (You took it off Natasha on level 6 of the Dungeon)
 o - a wand of charming (25)
   (You found it on level 6 of the Dungeon)
Scrolls
 i - a scroll of identify {@r1}
 n - a scroll of immolation {unknown}
 t - 2 scrolls of fog
 y - a scroll of vulnerability {unknown}
Potions
 c - 2 potions of resistance {unknown}
 d - a potion of mutation {unknown}
 g - a potion of attraction {unknown}
 j - 2 potions of haste {unknown}
 m - 2 potions of heal wounds {@q2}
 v - a potion of might {unknown}
 x - a potion of lignification {unknown}
 z - 2 potions of invisibility {unknown}


   Skills:
 + Level 9.8 Fighting
 * Level 13.3 Axes
 * Level 8.6 Ranged Weapons
 - Level 2.4 Armour
 - Level 2.1 Dodging
 + Level 3.5 Shields


You had 9 spell levels left.
You didn't know any spells.
Your spell library was empty.

Dungeon Overview and Level Annotations

Branches:
Dungeon (7/15) Zot: 25942  Temple (0/1) D:6

Altars:
Hepliaklqana
Qazlal
Uskayaw
Vehumet
Xom
Yredelemnul
Zin

Shops:
D:4 [

Annotations:
D:3 1 runed translucent door, exclusion: statue, Crazy Yiuf


Innate Abilities, Weirdness & Mutations

You have a pair of horns on your head.
You reflexively headbutt those who attack you in melee.


Message History

Trog accepts your kill.
You slice the cyan ugly thing!! You block the cyan ugly thing's attack.
An orc comes into view. It is wielding a +0 short sword.
The cyan ugly thing stings you.
* * * LOW HITPOINT WARNING * * *
The cyan ugly thing shocks you!
* * * LOW HITPOINT WARNING * * *
You slash the cyan ugly thing!
Your attacks no longer feel as feeble.
A sky beast comes into view.
The cyan ugly thing stings you.
* * * LOW HITPOINT WARNING * * *
The cyan ugly thing shocks you!
* * * LOW HITPOINT WARNING * * *
You closely miss the cyan ugly thing.
The orc wizard gestures wildly while chanting.
The orc wizard flickers and vanishes!
You block the cyan ugly thing's attack.
You hear a croak.
You slice the cyan ugly thing!! You headbutt the cyan ugly thing!
The cyan ugly thing stings you but does no damage.
Unknown command.
You slash the cyan ugly thing!
You kill the cyan ugly thing!
Trog accepts your kill.
You slash the iguana!
The sky beast flickers out of sight!
You barely miss the manticore. You headbutt the manticore!
You barely miss the manticore. You block the manticore's attack.
The manticore claws you.
* * * LOW HITPOINT WARNING * * *
The manticore claws you.
* * * LOW HITPOINT WARNING * * *
You slash the manticore! You block the manticore's attack.
The manticore claws you but does no damage. x2
An orc comes into view. It is wielding a +0 hand axe.
The gnoll bouda gazes fiercely through you!
You feel your attacks grow feeble. The manticore bites you!!
* * * LOW HITPOINT WARNING * * *
The manticore claws you but does no damage.
The manticore claws you!
* * * LOW HITPOINT WARNING * * *
An ice beast comes into view.
The orc moves out of view.
You slice the manticore!!
You are no longer berserk.
You are exhausted.
You feel yourself slow down.
You hear a shout!
The manticore bites you!
You die...

#.♣.♣.♣♣)♣♣.♣.♣.###
#♣.♣.♣.♣.♣.♣.♣.♣#
#.♣.♣.♣...♣.♣.♣.#
#♣.♣.♣.♣.♣.♣.♣.♣#
#.♣.♣.♣♣.♣♣.♣.♣.# #
#######♣.♣#######
#Y# ♣. ♣.♣ ♣♣.♣♣
l.# ♣.
♣)♣♣♣.♣.♣##.g$## ♣.
♣[♣♣.♣♣♣.@Hy8{!#
♣.♣†♣.♣♣ ♣♣##JJ?##
♣...♣♣ o.# #♣.♣#
#.# ♣... # ♣.~~~.
...~~~.. ♣.♣.~~~.♣.
# ♣♣♣♣...♣♣♣♣


You could see a slime creature, a manticore, a hornet, an ice beast, a gnoll
bouda, an iguana, a jelly and an orc.

Vanquished Creatures
  2 ugly things (D:7)
  A deep elf pyromancer (D:7)
  Maggie (D:6)
  Grinder (D:5)
  Sigmund (D:3)
  A wyvern (D:7)
  A steam dragon (D:7)
  Edmund (D:4)
  Duvessa (D:6)
  2 water moccasins
  4 ice beasts
  2 orc warriors
  3 sky beasts
  A centaur (D:7)
  3 phantoms
  A kobold brigand (D:7)
  Blork the orc (D:6)
  3 bullfrogs
  6 scorpions
  2 gnoll sergeants (D:5)
  3 wights (D:6)
  Dowan (D:6)
  A howler monkey (D:5)
  3 hounds
  4 orc priests
  A jelly (D:4)
  A gnoll bouda (D:7)
  Jessica (D:2)
  A sleepcap (D:7)
  8 iguanas
  Natasha (thrice) (D:6)
  2 orc wizards (D:7)
  20 gnolls
  6 adders
  5 dart slugs
  13 orcs
  9 ball pythons
  6 bats
  4 endoplasms
  3 giant cockroaches
  8 goblins
  5 hobgoblins
  4 jackals
  6 frilled lizards
  9 kobolds
  3 rats (D:1)
168 creatures vanquished.

Notes
Turn   | Place    | Note
-------+----------+-------------------------------------------
     0 | D:1      | Pooter the Minotaur Berserker began the quest for the Orb.
     0 | D:1      | Reached XP level 1. HP: 19/19 MP: 0/0
   138 | D:1      | Reached skill level 4 in Axes
   301 | D:1      | Reached XP level 2. HP: 27/27 MP: 1/1
   984 | D:2      | Reached XP level 3. HP: 33/33 MP: 2/2
  1199 | D:2      | Identified the +4 leather armour of Eternal Night {Dex+3}
  1278 | D:2      | Reached skill level 5 in Axes
  1279 | D:2      | Reached ** piety under Trog
  1430 | D:2      | Reached XP level 4. HP: 41/41 MP: 3/3
  1502 | D:2      | Noticed Jessica
  1510 | D:2      | Killed Jessica
  1567 | D:2      | Reached skill level 6 in Axes
  1567 | D:2      | Reached XP level 5. HP: 47/47 MP: 4/4
  1578 | D:2      | Reached skill level 5 in Fighting
  1755 | D:3      | Noticed Sigmund
  1769 | D:3      | Killed Sigmund
  1770 | D:3      | Reached skill level 7 in Axes
  1770 | D:3      | Reached XP level 6. HP: 56/56 MP: 5/5
  1811 | D:3      | Found a runed translucent door.
  1814 | D:3      | Noticed Crazy Yiuf
  1867 | D:3      | Found a radiant altar of Vehumet.
  1952 | D:3      | Noticed Natasha
  2078 | D:3      | Found a basalt altar of Yredelemnul.
  2088 | D:3      | Found a hazy altar of Hepliaklqana.
  2088 | D:3      | Found a stormy altar of Qazlal.
  2750 | D:4      | Reached skill level 8 in Axes
  2787 | D:4      | Found Xitats's Armour Boutique.
  2804 | D:4      | Noticed Edmund
  2812 | D:4      | Killed Edmund
  2813 | D:4      | Reached XP level 7. HP: 64/64 MP: 6/6
  3150 | D:4      | Identified the +0 ring mail "Kejaid" {rElec rF- Int+7
                  | Slay-5}
  3356 | D:5      | Entered Level 5 of the Dungeon
  3368 | D:4      | Reached skill level 9 in Axes
  3560 | D:5      | Noticed Grinder
  3560 | D:5      | Paralysed by Grinder for 3 turns
  3565 | D:5      | Killed Grinder
  3566 | D:5      | Reached skill level 10 in Axes
  3566 | D:5      | Reached XP level 8. HP: 73/73 MP: 7/7
  3818 | D:5      | Found a hide-covered altar of Uskayaw.
  3857 | D:5      | Identified the +10 war axe "Noiph" {heavy, rN++}
  4004 | D:5      | Found a glowing silver altar of Zin.
  4004 | D:5      | Noticed an angel
  4060 | D:6      | Noticed Blork the orc
  4063 | D:6      | Killed Blork the orc
  4248 | D:6      | Killed Natasha
  4249 | D:6      | Reached skill level 11 in Axes
  4291 | D:6      | Noticed Duvessa
  4315 | D:6      | Killed Duvessa
  4316 | D:6      | Reached skill level 5 in Ranged Weapons
  4316 | D:6      | Reached XP level 9. HP: 82/82 MP: 8/8
  4369 | D:6      | Noticed Dowan
  4375 | D:6      | Killed Dowan
  4418 | D:6      | Noticed Natasha
  4424 | D:6      | Killed Natasha
  4463 | D:6      | Reached *** piety under Trog
  4493 | D:6      | Found a staircase to the Ecumenical Temple.
  4633 | D:6      | Found a shimmering altar of Xom.
  4667 | D:6      | Noticed Natasha
  4671 | D:6      | Killed Natasha
  4707 | D:6      | Noticed Maggie
  4715 | D:6      | Killed Maggie
  4716 | D:6      | Reached skill level 12 in Axes
  5193 | D:7      | Reached skill level 1 in Shields
  5531 | D:7      | Noticed a deep elf pyromancer
  5543 | D:7      | Killed a deep elf pyromancer
  5544 | D:7      | Reached XP level 10. HP: 54/91 MP: 9/9
  5794 | D:7      | Reached skill level 13 in Axes
  5918 | D:7      | Noticed a white ugly thing
  5919 | D:7      | Noticed a manticore
  5922 | D:7      | Noticed a cyan ugly thing
  5925 | D:7      | Killed a white ugly thing
  5930 | D:7      | Killed a cyan ugly thing
  5935 | D:7      | Slain by a manticore

Illustrated notes

Levels and vault maps discovered:
D:1:      co_arrival_square_in_a_square_in_a_square, layout_loops_corners,
          minmay_fountain_box, nicolae_eternal_life, hangedman_decor_slide_cut
D:2:      layout_loops_ring, uniq_jessica
D:3:      layout_loops_ring, vehumet_statue,
          mainiacjoe_overflow_surrounded_room, jmf_multi_god_temple,
          uniq_sigmund, uniq_crazy_yiuf_cottage, uniq_natasha
D:4:      layout_basic, serial_shops, shop, uniq_edmund
D:5:      layout_cave_pools, zin_angel, serial_park, serial_park_square3
          [serial_park_minivault_5x5_4], serial_park_tiny_pond,
          serial_park_fountain, serial_park_square3
          [serial_park_minivault_5x5_2], uniq_grinder
D:6:      layout_gridville, xom_teletrap_fun,
          minmay_temple_entry_statues_pillars, uniq_duvessa, uniq_blork_the_orc,
          uniq_maggie
D:7:      nzn_winding_woodlands_three_and_one [nzn_winding_woodlands_5x15_pool,
          nzn_winding_woodlands_5x15_sawtooth,
          nzn_winding_woodlands_5x15_split_checker,
          nzn_winding_woodlands_center_pierced_h], layout_loops_corners

Skill      XL: |  1  2  3  4  5  6  7  8  9 10 |
---------------+-------------------------------+-----
Axes           | 4 5 6 7 8 10 11 12 13 | 13.3
Fighting       | 4 5 6 7 8 9 |  9.8
Ranged Weapons | 2 5 7 8 |  8.6
Shields        | 2 3 |  3.5
Armour         | |  2.4
Dodging        | |  2.1

Action                     |  1- 3 |  4- 6 |  7- 9 | 10-12 || total
---------------------------+-------+-------+-------+-------++-------
  Melee: Hand axe          |    55 |       |       |       ||    55
         Headbutt          |     8 |     6 |    15 |     8 ||    37
         Punch             |     2 |     1 |       |       ||     3
         Short sword       |     6 |    24 |       |       ||    30
         Halberd           |       |    49 |    42 |       ||    91
         War axe           |       |       |    78 |    48 ||   126
         Battleaxe         |       |       |     6 |       ||     6
   Fire: Arbalest          |       |       |    20 |       ||    20
         Sling             |       |       |    25 |       ||    25
  Throw: Stone             |     4 |     8 |       |       ||    12
 Invoke: Berserk           |     2 |     4 |     5 |     2 ||    13
         Trog's Hand       |     1 |       |     3 |     1 ||     5
    Use: Scroll            |     3 |     1 |     4 |       ||     8
   Stab: Sleeping          |       |     2 |       |       ||     2
 Armour: Animal skin       |     7 |       |       |       ||     7
         Ring mail         |     1 |       |       |       ||     1
         Leather armour    |     2 |    14 |    41 |     3 ||    60
         Plate armour      |       |       |       |    16 ||    16
  Dodge: Dodged            |    44 |    41 |    61 |     6 ||   152
  Block: Tower shield      |       |       |    44 |    35 ||    79
